AoeStats
← GNEISS

Arabia

510639821Analyzed
2v2 RM · 1d ago on Oct 1, 2026· 41m 20s· 4 players
Game mode
Random Map
Map size
Medium (4 player)
Population
200
Speed
Normal
Resources
Standard
Victory
Conquest
Starting age
Dark Age
Ending age
Imperial Age
RankedLock teamsTeams togetherTeam positionsShared explorationLock speedFull tech treeHidden civsTurbo modeCheats
Victory
Defeat
🇦🇷 Georgians · Argentina
1244
+12
🇦🇷 Byzantines · Argentina
1183
+14
🇨🇱 Vietnamese · Chile
1154
-13
🇨🇱 Italians · Chile
1146
-13
chanchopeabila
7:05 Loom
9:35 Feudal Age
11:02 Wheelbarrow
14:32 Town Watch
17:05 Double-Bit Axe
17:03 Horse Collar
20:09 Forging
24:27 Castle Age
23:06 Scale Barding Armor
23:37 Bloodlines
25:13 Husbandry
26:16 Iron Casting
31:39 Bow Saw
35:05 Chain Barding Armor
[CLag] eltanque
6:07 Loom
9:05 Feudal Age
9:43 Double-Bit Axe
13:04 Padded Archer Armor
16:52 Fletching
22:16 Castle Age
19:59 Man-at-Arms
21:22 Gold Mining
22:09 Horse Collar
22:55 Bodkin Arrow
22:21 Crossbowman
25:06 Ballistics
25:51 Leather Archer Armor
27:10 Wheelbarrow
30:24 Scale Barding Armor
30:30 Forging
33:23 Chain Barding Armor
35:39 Imperial Age
34:38 Husbandry
35:16 Iron Casting
34:35 Stone Mining
34:58 Bow Saw
35:53 Cavalier
37:12 Plate Barding Armor
38:45 Chemistry
37:24 Elite Skirmisher
38:13 Bracer
41:01 Conscription
GNEISS
6:17 Loom
9:38 Feudal Age
12:25 Double-Bit Axe
15:00 Horse Collar
21:46 Castle Age
22:29 Fletching
24:09 Bodkin Arrow
25:51 Padded Archer Armor
26:08 Elite Skirmisher
31:53 Town Watch
33:09 Leather Archer Armor
35:32 Ballistics
Mr.Gumball
1:48 Loom
11:28 Feudal Age
11:55 Man-at-Arms
13:14 Double-Bit Axe
16:05 Loom
20:16 Castle Age
18:12 Stone Mining
19:41 Fletching
19:52 Padded Archer Armor
23:56 Bodkin Arrow
24:20 Gold Mining
26:17 Ballistics
26:42 Elite Skirmisher
29:38 Horse Collar
30:26 Husbandry
31:28 Leather Archer Armor
32:53 Thumb Ring
38:57 Imperial Age
39:48 Bracer
40:19 Ring Archer Armor
41:44 Bloodlines
42:19 Wheelbarrow
Connection lost

Rejoining the realm…

Still unreachable

The connection could not be restored.

Session expired

The server has moved on; the page needs a fresh start.